Workbook

Sheet Notas de Disciplina Financiera
A1: Sistema Municipal para el Desarrollo Integral de la Familia de Santa Catarina, Guanajuato | C1: Ejercicio: | D1: 2024
A2: Notas de Disciplina Financiera | C2: Periodicidad: | D2: Trimestral
A3: Correspondiente del 1 de Enero al 30 de septiembre de 2024 | C3: Corte: | D3: 3
A4: (Cifras en Pesos)
A5: NOTAS | B5: DESCRIPCIÓN
B7: NOTAS DE DISCIPLINA FINANCIERA:
A9: NDF-01 | B9: 1. Balance Presupuestario de Recursos Disponibles Negativo
A10: NDF-02 | B10: 2. Aumento o creación de nuevo Gasto
A11: NDF-03 | B11: 3. Pasivo Circulante al Cierre del Ejercicio (ESF-12)
A12: NDF-04 | B12: 4. Deuda Pública y Obligaciones
A13: NDF-05 | B13: 5. Obligaciones a Corto Plazo
A14: NDF-06 | B14: 6. Evaluación de Cumplimiento

Sheet NDF-01
B1: ='Notas de Disciplina Financiera'!A1 -> Sistema Municipal para el Desarrollo Integral de la Familia de Santa Catarina, Guanajuato | E1: Ejercicio: | F1: ='Notas de Disciplina Financiera'!D1 -> 2024
B2: Notas de Disciplina Financiera | E2: Periodicidad: | F2: ='Notas de Disciplina Financiera'!D2 -> Trimestral
B3: ='Notas de Disciplina Financiera'!A3 -> Correspondiente del 1 de Enero al 30 de septiembre de 2024 | E3: Corte: | F3: ='Notas de Disciplina Financiera'!D3 -> 3
C5: 1. Balance Presupuestario de Recursos Disponibles Negativo
B7: Se informará:
B8: a) Acciones para recuperar el Balance Presupuestario de Recursos Disponibles Sostenible.
B10: ACTUALMENTE SE CUENTA CON UN BALANCE PRESUPUESTARIO DE RECUROS SOSTENIBLE, POR LO QUE NO SE HA EMPRENDIDO ACCONES PARA RECUPERACION.
C16: Favor de ver el instructivo de esta nota (NDF-01):
C17: En caso de no obtener un Balance Presupuestario de Recursos Disponibles Negativo, indicar la aclaración.

Sheet NDF-02
B1: ='Notas de Disciplina Financiera'!A1 -> Sistema Municipal para el Desarrollo Integral de la Familia de Santa Catarina, Guanajuato | E1: Ejercicio: | F1: ='Notas de Disciplina Financiera'!D1 -> 2024
B2: Notas de Disciplina Financiera | E2: Periodicidad: | F2: ='Notas de Disciplina Financiera'!D2 -> Trimestral
B3: ='Notas de Disciplina Financiera'!A3 -> Correspondiente del 1 de Enero al 30 de septiembre de 2024 | E3: Corte: | F3: ='Notas de Disciplina Financiera'!D3 -> 3
B5: 2. Aumento o creación de nuevo Gasto:
B6: =B1 -> Sistema Municipal para el Desarrollo Integral de la Familia de Santa Catarina, Guanajuato
B7: Art. 8 LDF
B8: Clasificación por Objeto del Gasto (Capítulo y Concepto)
B9: =B3 -> Correspondiente del 1 de Enero al 30 de septiembre de 2024
B10: (PESOS)
D11: Modificaciones
B12: Concepto (c) | C12: Aprobado (d) | D12: Ampliaciones Líquidas | E12: Reducciones Líquidas | F12: Ampliaciones Compensadas | G12: Reducciones Compensadas | H12: Total | I12: Modificado
B13: I. Gasto No Etiquetado (I=A+B+C+D+E+F+G+H+I) | C13: 5521000 | D13: 1119584.5 | E13: 6640584.5 | F13: 4035412.4 | G13: 4035412.4 | H13: 2605172.1 | I13: 0
B14: A. Servicios Personales (A=a1+a2+a3+a4+a5+a6+a7) | C14: 3920311.8 | D14: 0 | E14: 3920311.8 | F14: 2215019 | G14: 2215019 | H14: 1705292.8 | I14: 0
B15: a1) Remuneraciones al Personal de Carácter Permanente | C15: 2388300.8 | D15: -34200.9 | E15: 2354099.9 | F15: 1625007.2 | G15: 1625007.2 | H15: 729092.7 | I15: 0
B16: a2) Remuneraciones al Personal de Carácter Transitorio | C16: 304603.2 | D16: 34200.9 | E16: 338804.1 | F16: 213677.4 | G16: 213677.4 | H16: 125126.7 | I16: 0
B17: a3) Remuneraciones Adicionales y Especiales | C17: 493699.08 | D17: 0 | E17: 493699.08 | F17: 37408.79 | G17: 37408.79 | H17: 456290.29 | I17: 0
B18: a4) Seguridad Social | C18: 48500 | D18: 0 | E18: 48500 | F18: 5324.98 | G18: 5324.98 | H18: 43175.02 | I18: 0
B19: a5) Otras Prestaciones Sociales y Económicas | C19: 685208.67 | D19: 0 | E19: 685208.67 | F19: 333600.6 | G19: 333600.6 | H19: 351608.07 | I19: 0
B20: a6) Previsiones | C20: 0 | D20: 0 | E20: 0 | F20: 0 | G20: 0 | H20: 0 | I20: 0
B21: a7) Pago de Estímulos a Servidores Públicos | C21: 0 | D21: 0 | E21: 0 | F21: 0 | G21: 0 | H21: 0 | I21: 0
B22: B. Materiales y Suministros (B=b1+b2+b3+b4+b5+b6+b7+b8+b9) | C22: 724000 | D22: 180000 | E22: 904000 | F22: 528148.03 | G22: 528148.03 | H22: 375851.97 | I22: 0
B23: b1) Materiales de Administración, Emisión de Documentos y Artículos Oficiales | C23: 55000 | D23: 0 | E23: 55000 | F23: 24807.95 | G23: 24807.95 | H23: 30192.05 | I23: 0
B24: b2) Alimentos y Utensilios | C24: 270000 | D24: 80000 | E24: 350000 | F24: 224570.81 | G24: 224570.81 | H24: 125429.19 | I24: 0
... B161: III. Total de Egresos (III = I + II) | C161: 5521000 | D161: 1119584.5 | E161: 6640584.5 | F161: 4035412.4 | G161: 4035412.4 | H161: 2605172.1 | I161: 0

Sheet NDF-03
B1: ='Notas de Disciplina Financiera'!A1 -> Sistema Municipal para el Desarrollo Integral de la Familia de Santa Catarina, Guanajuato | E1: Ejercicio: | F1: ='Notas de Disciplina Financiera'!D1 -> 2024
B2: Notas de Disciplina Financiera | E2: Periodicidad: | F2: ='Notas de Disciplina Financiera'!D2 -> Trimestral
B3: ='Notas de Disciplina Financiera'!A3 -> Correspondiente del 1 de Enero al 30 de septiembre de 2024 | E3: Corte: | F3: ='Notas de Disciplina Financiera'!D3 -> 3
C5: 3. Pasivo Circulante al Cierre del Ejercicio (ESF-12):
B6: =B1 -> Sistema Municipal para el Desarrollo Integral de la Familia de Santa Catarina, Guanajuato
B7: Informe de cuentas por pagar y que integran el pasivo circulante al cierre del ejercicio
B8: Ejercicio 20XN
B9: COG | C9: Concepto | D9: Devengado | E9: Pagado | F9: Cuentas por pagar
D10: (a) | E10: (b) | F10: (c) = (a-b)
C11: Gasto No Etiquetado | D11: =SUM(D12:D20) -> 0 | E11: =SUM(E12:E20) -> 0 | F11: =SUM(F12:F20) -> 0
B12: 1000 | C12: Servicios Personales | D12: 0 | E12: 0 | F12: 0
B13: 2000 | C13: Materiales y Suministros | D13: 0 | E13: 0 | F13: 0
B14: 3000 | C14: Servicios Generales | D14: 0 | E14: 0 | F14: 0
B15: 4000 | C15: Transferencias, Asignaciones, Subsidios y Otras Ayudas | D15: 0 | E15: 0 | F15: 0
B16: 5000 | C16: Bienes Muebles, Inmuebles e Intangibles | D16: 0 | E16: 0 | F16: 0
B17: 6000 | C17: Inversión Pública | D17: 0 | E17: 0 | F17: 0
B18: 7000 | C18: Inversiones Financieras y Otras Provisiones | D18: 0 | E18: 0 | F18: 0
B19: 8000 | C19: Participaciones y Aportaciones | D19: 0 | E19: 0 | F19: 0
B20: 9000 | C20: Deuda Pública | D20: 0 | E20: 0 | F20: 0
C21: Gasto Etiquetado | D21: =SUM(D22:D30) -> 0 | E21: =SUM(E22:E30) -> 0 | F21: =SUM(F22:F30) -> 0
B22: 1000 | C22: Servicios Personales | D22: 0 | E22: 0 | F22: 0
B23: 2000 | C23: Materiales y Suministros | D23: 0 | E23: 0 | F23: 0
B24: 3000 | C24: Servicios Generales | D24: 0 | E24: 0 | F24: 0
B25: 4000 | C25: Transferencias, Asignaciones, Subsidios y Otras Ayudas | D25: 0 | E25: 0 | F25: 0
B26: 5000 | C26: Bienes Muebles, Inmuebles e Intangibles | D26: 0 | E26: 0 | F26: 0
B27: 6000 | C27: Inversión Pública | D27: 0 | E27: 0 | F27: 0
B28: 7000 | C28: Inversiones Financieras y Otras Provisiones | D28: 0 | E28: 0 | F28: 0
B29: 8000 | C29: Participaciones y Aportaciones | D29: 0 | E29: 0 | F29: 0
B30: 9000 | C30: Deuda Pública | D30: 0 | E30: 0 | F30: 0
C31: Total | D31: =D11+D21 -> 0 | E31: =E11+E21 -> 0 | F31: =F11+F21 -> 0
C33: Favor de ver el instructivo de esta nota (NDF-03):
C34: En caso de no tener pasivos al cierre del ejercicio, hacer la aclaración o la inidcación.
C35: NO APLICA

Sheet NDF-04
B1: ='Notas de Disciplina Financiera'!A1 -> Sistema Municipal para el Desarrollo Integral de la Familia de Santa Catarina, Guanajuato | E1: Ejercicio: | F1: ='Notas de Disciplina Financiera'!D1 -> 2024
B2: Notas de Disciplina Financiera | E2: Periodicidad: | F2: ='Notas de Disciplina Financiera'!D2 -> Trimestral
B3: ='Notas de Disciplina Financiera'!A3 -> Correspondiente del 1 de Enero al 30 de septiembre de 2024 | E3: Corte: | F3: ='Notas de Disciplina Financiera'!D3 -> 3
C5: 4. Deuda Pública y Obligaciones
B7: Se revelará:
B8: a) La información detallada de cada Financiamiento u Obligación contraída en los términos del Título Tercero Capítulo
B9: Uno de la Ley de Disciplina Financiera de las Entidades Federativas y Municipios, incluyendocomo mínimo,el importe,
B10: tasa, plazo, comisiones y demás accesorios pactados.
C11: ACTUALMENTE EL ENTE PUBLICO NO CUENTA CON DEUDA PUBLICA.
C13: Favor de ver el instructivo de esta nota (NDF-04):
C14: En caso de no contar deuda pública u obligaciones, hacer la aclaración o la inidcación.

Sheet NDF-05
B1: ='Notas de Disciplina Financiera'!A1 -> Sistema Municipal para el Desarrollo Integral de la Familia de Santa Catarina, Guanajuato | E1: Ejercicio: | F1: ='Notas de Disciplina Financiera'!D1 -> 2024
B2: Notas de Disciplina Financiera | E2: Periodicidad: | F2: ='Notas de Disciplina Financiera'!D2 -> Trimestral
B3: ='Notas de Disciplina Financiera'!A3 -> Correspondiente del 1 de Enero al 30 de septiembre de 2024 | E3: Corte: | F3: ='Notas de Disciplina Financiera'!D3 -> 3
C5: 5. Obligaciones a Corto Plazo
B7: Se revelará:
B8: a) La información detallada de las Obligaciones a corto plazo contraídas en los términos del Título Tercero Capítulo Uno
B9: de la Ley de Disciplina Financiera de las Entidades Federativas y Municipios, incluyendo por lo menos importe, tasas,
B10: plazo, comisiones y cualquier costo relacionado, así mismo se deberá incluir la tasa efectiva.
C11: NO APLICA
C13: Favor de ver el instructivo de esta nota (NDF-05):
C14: En caso de no contar con Obligaciones a Corto Plazo, hacer la aclaración o la inidcación.

Sheet NDF-06
B1: ='Notas de Disciplina Financiera'!A1 -> Sistema Municipal para el Desarrollo Integral de la Familia de Santa Catarina, Guanajuato | E1: Ejercicio: | F1: ='Notas de Disciplina Financiera'!D1 -> 2024
B2: Notas de Disciplina Financiera | E2: Periodicidad: | F2: ='Notas de Disciplina Financiera'!D2 -> Trimestral
B3: ='Notas de Disciplina Financiera'!A3 -> Correspondiente del 1 de Enero al 30 de septiembre de 2024 | E3: Corte: | F3: ='Notas de Disciplina Financiera'!D3 -> 3
C5: 6. Evaluación de Cumplimiento
B7: Se revelará:
B8: a) La información relativa al cumplimiento de los convenios de Deuda Garantizada.
B9: NO SE CUENTA CON DEUDA GARANTIZADA CON RECURSOS FEDERALES
